 Dungeon Crawl Stone Soup version 0.28-a0-511-gcc94558de3 (webtiles) character file.

Game seed: 15544933470414386541

294 barkas the Insei (level 6, -2/55 HPs)
             Began as a Naga Transmuter on Sept 21, 2021.
             Was a Believer of Cheibriados.
             Slain by a lemure (4 damage)
             ... led by Pikel
             ... on level 5 of the Dungeon.
             The game lasted 00:04:40 (4085 turns).

barkas the Insei (Naga Transmuter)                  Turns: 4085, Time: 00:04:40

Health: -2/55      AC:  6    Str: 16      XL:     6   Next: 34%
Magic:  9/9        EV:  9    Int: 16 (18) God:    Cheibriados [**....]
Gold:   73         SH:  0    Dex: 15 (17) Spells: 5/9 levels left

rFire   + . .      SeeInvis +     - Unarmed
rCold   . . .      Faith    .   (no shield)
rNeg    . . .      Spirit   .   g - +2 leather armour {rF+}
rPois   +          Reflect  .   k - +0 helmet
rElec   .          Harm     .   (no cloak)
rCorr   .          Rampage  .   (no gloves)
Will    .....                   (no barding)
Stlth   ++........              (no amulet)
HPRegen 0.18/turn               (no ring)
MPRegen 0.11/turn               (no ring)

@: very slow
A: AC +2, large, see invisible, deformed body, poison resistance, slowness 2,
spit poison 1, naga tail 1
a: Spit Poison, Renounce Religion, Bend Time


You were on level 5 of the Dungeon.
You worshipped Cheibriados.
Cheibriados was pleased with you.
You visited 1 branch of the dungeon, and saw 5 of its levels.

You collected 151 gold pieces.
You spent 78 gold pieces at shops.

Inventory:

Armour
 g - a +2 leather armour of fire resistance (worn)
 k - a +0 helmet (worn)
Jewellery
 a - a ring of ice
Scrolls
 b - a scroll of noise {unknown}
 c - 2 scrolls of enchant armour {unknown}
 d - 4 scrolls of teleportation
 e - 6 scrolls of identify {unknown}
 f - a scroll of silence {unknown}
 j - a scroll of vulnerability {unknown}


   Skills:
 + Level 2.9 Fighting
 + Level 1.5 Dodging
 - Level 1.1 Stealth
 * Level 4.9 Unarmed Combat
 - Level 2.0 Spellcasting
 + Level 3.2 Transmutations
 - Level 3.0 Poison Magic


You had 5 spell levels left.
You knew the following spells:

 Your Spells              Type           Power      Damage    Failure   Level
a - Beastly Appendage     Tmut           24%        N/A       7%          1
b - Spider Form           Tmut/Pois      5%         N/A       22%         3

Your spell library contained the following spells:

 Spells                   Type           Power      Damage    Failure   Level
 Wereblood                Tmut           12%        N/A       10%         2
 Ice Form                 Ice/Tmut       6%         N/A       78%         4
 Summon Ice Beast         Ice/Summ       1%         N/A       94%         4
 Summon Mana Viper        Hex/Summ       1%         N/A       100%        5
 Monstrous Menagerie      Summ           0%         N/A       100%        7


Dungeon Overview and Level Annotations

Branches:
Dungeon (5/15)
 Temple: D:4-7

Altars:
Cheibriados
Gozag
Xom

Shops:
D:1 [   D:4 ?

Annotations:
D:4 Pikel
D:5 Blork the orc


Innate Abilities, Weirdness & Mutations

Your serpentine skin is tough. (AC +2)
You have supernaturally acute eyesight. (SInv)
Armour fits poorly on your strangely shaped body.
Your system is resistant to poisons. (rPois)
You cover ground very slowly.
You can spit poison.
You have a snake-like lower body.


Message History

The lemure shouts!
The lemure hits you. The lemure hits you. The lemure hits you!
The lemure hits you but does no damage.
There is a stone staircase leading down here.
The lemure hits you. x2
You climb downwards.
Blork the orc shouts!
The iguana hisses angrily.
Found 6 gold pieces.
Found a stone staircase leading down.
There is a stone staircase leading up here.
The lemure barely misses you. The lemure hits you.
Blork the orc mumbles some strange words.
Blork the orc seems to speed up.
Found a stone staircase leading down.
The lemure hits you but does no damage. The lemure hits you.
* * * LOW HITPOINT WARNING * * *
The lemure hits you but does no damage. x2
The lemure barely misses you. The lemure misses you.
Found a shimmering altar of Xom.
Blork the orc casts a cantrip, but nothing happens.
The lemure hits you.
* * * LOW HITPOINT WARNING * * *
Blork the orc casts a cantrip, but nothing happens.
The lemure closely misses you. The lemure hits you but does no damage.
The lemure hits you!
* * * LOW HITPOINT WARNING * * *
Blork the orc looks satisfied for a moment.
The lemure closely misses you. The lemure hits you.
* * * LOW HITPOINT WARNING * * *
You aren't carrying any potions.
Unknown command.
As you read the scroll of fear, it crumbles to dust.
You assume a fearsome visage.
Blork the orc looks frightened!
The howler monkey zombie is unaffected.
The iguana looks frightened!
The lemure is unaffected. x2; The lemure closely misses you.
As you read the scroll of fear, it crumbles to dust.
You assume a fearsome visage.
The lemure is unaffected. x2
The lemure hits you.
You die...

#####.
#......#
..>...#.. ##
.........
#..##
......$...
#....####.#
......
#@5..o##......
###5l.........
#.#.........
#.#.........
⌠.#Z........
_###.<.....#
≈# #.......#
.# #.......#
## #...>...#


You could see Blork the orc (fast, fleeing), 2 lemures and an iguana (fleeing).

Vanquished Creatures
  Edmund (D:4)
  A lemure (D:3)
  An iguana (D:3)
  Robin (D:2)
  5 adders
  3 dart slugs
  An orc (D:3)
  7 endoplasms
  2 giant cockroaches
  14 goblins
  12 hobgoblins
  2 jackals (D:3)
  8 kobolds
  4 quokkas
  9 ball pythons
  4 bats
  A frilled lizard (D:1)
  5 rats
81 creatures vanquished.

Notes
Turn   | Place    | Note
-------+----------+-------------------------------------------
     0 | D:1      | barkas the Naga Transmuter began the quest for the Orb.
     0 | D:1      | Reached XP level 1. HP: 18/18 MP: 3/3
   118 | D:1      | Reached XP level 2. HP: 25/25 MP: 3/5
   152 | D:1      | Found a faded altar of an unknown god.
   167 | D:1      | Reached skill level 1 in Stealth
   350 | D:1      | Reached skill level 1 in Poison Magic
   556 | D:1      | Found Opoul's Antique Armour Shoppe.
   581 | D:1      | Reached XP level 3. HP: 22/31 MP: 4/6
  1375 | D:2      | Noticed Robin
  1531 | D:3      | Found a snail-covered altar of Cheibriados.
  1536 | D:3      | Became a worshipper of Cheibriados the Contemplative
  1592 | D:3      | Reached XP level 4. HP: 32/39 MP: 5/7
  1890 | D:3      | Found an opulent altar of Gozag.
  1976 | D:3      | Learned a level 3 spell: Spider Form
  2244 | D:3      | Reached skill level 4 in Unarmed Combat
  2299 | D:3      | Reached * piety under Cheibriados
  2590 | D:2      | You fall into a shaft and drop 2 floors!
  2590 | D:4      | Found Raulalu's Magic Scroll Emporium.
  2595 | D:4      | Bought a scroll of teleportation for 36 gold pieces
  2595 | D:4      | Bought a scroll of fear for 42 gold pieces
  2618 | D:4      | Noticed a lemure
  2618 | D:4      | Noticed a lemure
  2618 | D:4      | Noticed Pikel
  2620 | D:4      | Noticed a lemure
  2631 | D:3      | Killed a lemure
  2641 | D:3      | Reached XP level 5. HP: 30/45 MP: 4/8
  3118 | D:2      | Killed Robin
  3172 | D:2      | Reached ** piety under Cheibriados
  3663 | D:4      | Noticed Edmund
  3679 | D:4      | Killed Edmund
  3680 | D:4      | Reached XP level 6. HP: 4/55 MP: 6/9
  4076 | D:5      | Entered Level 5 of the Dungeon
  4076 | D:5      | Noticed Blork the orc
  4080 | D:5      | Found a shimmering altar of Xom.
  4083 | D:5      | HP: 2/55 [lemure[Pikel] (4)]
  4085 | D:5      | Slain by a lemure

Illustrated notes

Levels and vault maps discovered:
D:1:      tarquinn_simple_flora_water_d, layout_rooms,
          hellmonk_ecumenical_altar_pennies_from_heaven, serial_shops,
          nicolae_shop_stone, kennysheep_another_room, minmay_stone_trees_medium
D:2:      layout_basic, uniq_robin
D:3:      layout_loops_ring, nicolae_gozag_seed_capital, kennysheep_slug_shrine
D:4:      layout_rooms, nzn_wu_jian_council_hall, zin_academy, serial_shops,
          nicolae_shop_crystal, uniq_edmund, uniq_pikel
D:5:      layout_rooms, xom_redecorated, minmay_temple_entry_gardened_gates,
          uniq_blork_the_orc

Skill      XL: |  1  2  3  4  5 |
---------------+----------------+-----
Stealth        | 1 |  1.1
Poison Magic   | 1 2 3 |  3.0
Unarmed Combat | 4 |  4.9
Fighting       | 2 |  2.9
Transmutations | 3 |  3.2
Dodging        | |  1.5
Spellcasting   | |  2.0

Action                   |  1- 3 |  4- 6 || total
-------------------------+-------+-------++-------
Melee: Unarmed           |    84 |   108 ||   192
       Headbutt          |     6 |    11 ||    17
       Punch             |     1 |     2 ||     3
 Cast: Beastly Appendage |    22 |    13 ||    35
       Spider Form       |       |     3 ||     3
 Abil: Spit Poison       |    21 |    24 ||    45
  Use: Potion            |       |     3 ||     3
       Scroll            |       |     3 ||     3
Armor: Robe              |    14 |       ||    14
       Leather armour    |     8 |    37 ||    45
       Skin              |       |     3 ||     3
Dodge: Dodged            |    51 |    89 ||   140

Table legend: (Time is in decaauts)
 A = Elapsed time spent in this place.
 B = Non-inter-level travel time spent in this place.
 C = Inter-level travel time spent in this place.
 D = Time resting spent in this place.
 E = Time spent auto-exploring this place.
 F = Levels seen in this place.
 G = Mean time per level.
                   A        B        C        D        E       F      G
               +--------+--------+--------+--------+--------+-----+--------+
         Total |   5288 |   5059 |    229 |    899 |   3317 |   5 | 1057.6 |
       Dungeon |   5288 |   5059 |    229 |    899 |   3317 |   5 | 1057.6 |
               +--------+--------+--------+--------+--------+-----+--------+

Top non-repeatable levels by time:
     D:3: 1921 daAuts
     D:2: 1413 daAuts
     D:1: 1129 daAuts
     D:4: 808 daAuts
     D:5: 16 daAuts
